 Dungeon Crawl Stone Soup version 0.22.0-18-ge075c0de6d (webtiles) character file.

48 RedPan the Grave Robber (level 3, -2/24 HPs)
             Began as a Mummy Necromancer on Aug 18, 2018.
             Slain by an adder (5 damage)
             ... on level 2 of the Dungeon.
             The game lasted 00:13:30 (2055 turns).

RedPan the Grave Robber (Mummy Necromancer)         Turns: 2055, Time: 00:13:31

Health: -2/24      AC:  4    Str: 11    XL:     3   Next: 50%
Magic:  0/8        EV: 12    Int: 15    God:
Gold:   54         SH:  0    Dex: 12    Spells: 4/9 levels left

rFire    x . .     SeeInvis .   g - +0 short sword (venom)
rCold    + . .     Gourm    .   (no shield)
rNeg     + + +     Faith    .   a - +1 robe
rPois    ∞         Spirit   .   (no helmet)
rElec    .         Reflect  .   (no cloak)
rCorr    .         Harm     .   (no gloves)
MR       .....                  b - +0 pair of boots
Stlth    ++........             (no amulet)
HPRegen  0.08/turn              (no ring)
MPRegen  0.11/turn              (no ring)

@: very slightly contaminated
A: no food or potions, fire vulnerability, cold resistance 1, negative energy
resistance 3, torment resistance, unbreathing
a: no special abilities


You were on level 2 of the Dungeon.
You were not hungry.

You visited 1 branch of the dungeon, and saw 2 of its levels.

You collected 54 gold pieces.

Inventory:

Hand Weapons
 g - a +0 short sword of venom (weapon)
Armour
 a - a +1 robe (worn)
 b - a +0 pair of boots (worn)
Scrolls
 d - a scroll of remove curse
 f - a scroll of identify


   Skills:
 - Level 1.5 Dodging
 - Level 1.5 Stealth
 + Level 3.5 Spellcasting
 * Level 4.9 Necromancy


You had 4 spell levels left.
You knew the following spells:

 Your Spells              Type           Power        Failure   Level  Hunger
a - Pain                  Necr           ###.         2%          1    N/A
b - Animate Skeleton      Necr           N/A          2%          1    N/A
c - Vampiric Draining     Necr           ###.......   8%          3    N/A

Your spell library contained the following spells:

 Spells                   Type           Power        Failure   Level  Hunger
 Animate Dead             Necr           N/A          24%         4    N/A
 Regeneration             Chrm/Necr      Unusable     N/A         3    N/A

Dungeon Overview and Level Annotations

Branches:
Dungeon (2/15)

Altars:


Innate Abilities, Weirdness & Mutations

You do not eat or drink.
Your flesh is vulnerable to fire.
You are immune to poison.
Your flesh is cold resistant. (rC+)
You are immune to negative energy. (rN+++)
You are immune to unholy pain and torment.
You can survive without breathing.


Message History

The adder writhes in agony!
The adder bites you.
Casting: Pain (safe; 2% risk of failure)
Confirm with . or Enter, or press ? or * to list all spells.
Aiming: Pain (safe; 2% risk of failure)
Press: ? - help, Shift-Dir - straight line, f/p - adder
Aim: an adder (lightly wounded, chance to defeat MR: 82%)
The adder writhes in agony!
The adder bites you.
* * * LOW HITPOINT WARNING * * *
You completely miss the adder.
The adder is almost dead.
The adder bites you.
* * * LOW HITPOINT WARNING * * *
The adder misses you.
You miss the adder.
The adder is almost dead.
The adder bites you but does no damage.
You miss the adder.
The adder is almost dead.
The adder barely misses you. The adder bites you.
You die...

.....###.# #g......#.##.##.
.........### #.###.........#.
.########)...# .. #...........#.
..........#..###.###...........#.
........###....# #.†.#.#...#..##.
........###....###.#.......# .##.
..####...............#.##..# #.
#...!......######.##..#. #.
+....#.....@S............ #.
#..#.#.....######.##.##.. #.
.......#.....## #........##.
........#.#..†.# #..#.##..##.
........#.#....# #..# # . #.
........#.#....# #..# #.
#.......#.+....+ .... #. ###.....
..# #. #....+# #.


You could see an adder.

Vanquished Creatures
  2 worms (D:2)
  A ball python (D:2)
  A giant cockroach (D:1)
  5 goblins
  2 hobgoblins (D:1)
  4 jackals (D:1)
  8 kobolds
  7 bats
  A frilled lizard (D:1)
  13 rats
44 creatures vanquished.

Notes
Turn   | Place    | Note
-------+----------+-------------------------------------------
     0 | D:1      | RedPan the Mummy Necromancer began the quest for the Orb.
     0 | D:1      | Reached XP level 1. HP: 13/13 MP: 4/4
   477 | D:1      | Reached XP level 2. HP: 19/19 MP: 4/6
  1305 | D:1      | Reached XP level 3. HP: 24/24 MP: 2/7
  1633 | D:1      | Learned a level 1 spell: Animate Skeleton
  1637 | D:1      | Learned a level 3 spell: Vampiric Draining
  1644 | D:1      | Upgraded the game from 0.22.0-16-gc6d26f69f9 to 0.22.0-18-ge075c0de6d
  2055 | D:2      | Slain by an adder

Skill      XL: |  1 |
---------------+----+-----
Spellcasting   | 3 |  3.5
Dodging        | |  1.5
Stealth        | |  1.5
Necromancy     | |  4.9

Action                   || total
-------------------------++-------
Melee: Whip              ||    17
       Short sword       ||    19
 Cast: Pain              ||    86
  Use: Scroll            ||     5
Armor: Robe              ||     9
Dodge: Dodged            ||    30
